 Dungeon Crawl Stone Soup version 0.21-a0-525-ga34b322 (webtiles) character file.

68 Amnesiac the Shooter (level 4, -5/34 HPs)
             Began as a Mummy Hunter on Dec 7, 2017.
             Slain by a gnoll
             ... wielding a +0 spear
              (8 damage)
             ... on level 2 of the Dungeon.
             The game lasted 00:02:09 (1500 turns).

Amnesiac the Shooter (Mummy Hunter)                 Turns: 1500, Time: 00:02:10

Health: -5/34      AC:  6    Str: 16    XL:     4   Next: 1%
Magic:  4/4        EV: 12    Int: 10    God:
Gold:   65         SH:  0    Dex: 12    Spells: 3/3 levels left

rFire    x . .     SeeInvis .   a - +1 shortbow
rCold    + . .     Gourm    .   (shield currently unavailable)
rNeg     + + +     Faith    +   c - +0 leather armour
rPois    ∞         Spirit   .   (no helmet)
rElec    .         Reflect  .   (no cloak)
rCorr    .         Harm     .   (no gloves)
MR       .....                  k - +2 pair of boots
Stlth    +.........             i - amulet of faith
HPRegen  0.11/turn              (no ring)
MPRegen  0.09/turn              (no ring)

@: no status effects
A: no food or potions, fire vulnerability, cold resistance 1, negative energy
resistance 3, torment resistance, unbreathing
a: no special abilities


You were on level 2 of the Dungeon.
You were not hungry.

You visited 1 branch of the dungeon, and saw 2 of its levels.

You collected 65 gold pieces.

Inventory:

Hand Weapons
 a - a +1 shortbow (weapon)
 m - a +0 mace
 n - a +0 spear
Missiles
 d - 25 arrows (quivered)
 h - 13 poisoned needles
 l - 4 stones
Armour
 c - a +0 leather armour (worn)
 k - a +2 pair of boots (worn)
Jewellery
 i - an amulet of faith (around neck)
Scrolls
 e - 3 scrolls of blinking {!r, unknown}
 f - 2 scrolls of teleportation {!r, unknown}
 g - a scroll of identify {!r, unknown}
 j - 2 scrolls of enchant weapon {!r, unknown}


   Skills:
 + Level 2.4 Fighting
 * Level 3.6 Bows
 + Level 1.9 Armour
 + Level 2.0 Dodging
 - Level 0.7 Stealth


You had 3 spell levels left.
You didn't know any spells.

Dungeon Overview and Level Annotations

Branches:
Dungeon (2/15)

Altars:
Ashenzari
Cheibriados
Elyvilon
Yredelemnul


Innate Abilities, Weirdness & Mutations

You do not eat or drink.
Your flesh is vulnerable to fire.
You are immune to poison.
Your flesh is cold resistant. (rC+)
You are immune to negative energy. (rN+++)
You are immune to unholy pain and torment.
You can survive without breathing.


Message History

The gnoll hits you but does no damage.
Firing (i - inventory. (,) - cycle):
d - 34 arrows (quivered)
Press: ? - help, Shift-Dir - straight line, f/p - gnoll
Aim: a gnoll, wielding a spear You shoot an arrow.
The arrow hits the gnoll!
The gnoll is heavily wounded.
The gnoll closely misses you. x2
Firing (i - inventory. (,) - cycle):
d - 33 arrows (quivered)
Press: ? - help, Shift-Dir - straight line, f/p - gnoll
Aim: a gnoll, wielding a spear (heavily wounded)
You shoot an arrow. The arrow barely misses the gnoll.
The arrow hits the gnoll.
The gnoll is heavily wounded.
The gnoll hits you from afar with a spear.
Firing (i - inventory. (,) - cycle):
d - 32 arrows (quivered)
Press: ? - help, Shift-Dir - straight line, f/p - gnoll
Aim: a gnoll, wielding a spear (heavily wounded)
You shoot an arrow. The arrow hits the gnoll.
The gnoll is almost dead.
The gnoll closely misses you.
Firing (i - inventory. (,) - cycle):
d - 31 arrows (quivered)
Press: ? - help, Shift-Dir - straight line, f/p - gnoll
Aim: a gnoll, wielding a spear (almost dead)
You shoot an arrow. The arrow barely misses the gnoll.
The arrow completely misses the gnoll.
The gnoll closely misses you.
Firing (i - inventory. (,) - cycle):
d - 30 arrows (quivered)
Press: ? - help, Shift-Dir - straight line, f/p - gnoll
Aim: a gnoll, wielding a spear (almost dead)
You shoot an arrow. The arrow hits the gnoll.
The gnoll is almost dead.
The gnoll hits you from afar with a spear.
* * * LOW HITPOINT WARNING * * *
Firing (i - inventory. (,) - cycle):
d - 29 arrows (quivered)
Press: ? - help, Shift-Dir - straight line, f/p - gnoll
Aim: a gnoll, wielding a spear (almost dead)
You shoot an arrow. The arrow hits the gnoll!
You kill the gnoll!
Your Dodging skill increases to level 2!
You have reached level 4!
Firing (i - inventory. (,) - cycle):
d - 28 arrows (quivered)
Press: ? - help, Shift-Dir - straight line, f - gnoll
Aim: a gnoll, wielding a spear (moderately wounded)
You shoot an arrow. The arrow closely misses the gnoll.
The gnoll hits you from afar with a spear.
* * * LOW HITPOINT WARNING * * *
The gnoll hits you from afar with a spear!
* * * LOW HITPOINT WARNING * * *
Firing (i - inventory. (,) - cycle):
d - 27 arrows (quivered)
Press: ? - help, Shift-Dir - straight line, f/p - gnoll
Aim: a gnoll, wielding a spear (moderately wounded)
You shoot an arrow. The arrow hits the gnoll.
The gnoll is heavily wounded.
The gnoll barely misses you.
Firing (i - inventory. (,) - cycle):
d - 26 arrows (quivered)
Press: ? - help, Shift-Dir - straight line, f/p - gnoll
Aim: a gnoll, wielding a spear (heavily wounded)
Okay, then.
Firing (i - inventory. (,) - cycle):
d - 26 arrows (quivered)
Press: ? - help, Shift-Dir - straight line, f/p - gnoll
Aim: a gnoll, wielding a spear (heavily wounded)
You shoot an arrow. The arrow hits the gnoll.
The gnoll is severely wounded.
The gnoll hits you from afar with a spear!
You die...

#.# #.# ######### #.#
# #.......# ###.##.##
###.......###........
#>............%......
#.g..................
#
#.#.......###.#.##.##
#.#g#.@.....# #.#.#
.# #####.#)#########
#.#.. # ......#(##
#.#.## #.†.# #)#.#
#...# #.#.# #...#
#.#.# #.(.# #.# #...#
#### #.# #....
♣..####.####


You could see a gnoll.

Vanquished Creatures
  2 gnolls (D:2)
  A worm (D:2)
  A leopard gecko (D:2)
  4 giant cockroaches
  3 goblins
  5 hobgoblins
  7 jackals (D:1)
  8 kobolds
  A quokka (D:2)
  A ball python (D:2)
  5 bats
  3 frilled lizards
  3 rats
44 creatures vanquished.

Notes
Turn   | Place    | Note
-------+----------+-------------------------------------------
     0 | D:1      | Amnesiac the Mummy Hunter began the quest for the Orb.
     0 | D:1      | Reached XP level 1. HP: 16/16 MP: 1/1
    50 | D:1      | Reached skill level 1 in Armour
   154 | D:1      | Reached XP level 2. HP: 6/22 MP: 2/2
   957 | D:2      | Reached XP level 3. HP: 27/27 MP: 3/3
  1260 | D:2      | Found a shattered altar of Ashenzari.
  1271 | D:2      | Found a basalt altar of Yredelemnul.
  1302 | D:2      | Found a white marble altar of Elyvilon.
  1476 | D:2      | Found a snail-covered altar of Cheibriados.
  1494 | D:2      | Reached XP level 4. HP: 12/34 MP: 4/4
  1500 | D:2      | Slain by a gnoll

Vault maps used:
D:1:      minmay_arrival_three_doors
D:2:      nicolae_overflow_quartered_altars, first_bread

Skill      XL: |  1  2  3 |
---------------+----------+-----
Armour         | 1 |  1.9
Dodging        | 2 |  2.0
Fighting       | |  2.4
Bows           | |  3.6
Stealth        | |  0.7

Action                   |  1- 3 |  4- 6 || total
-------------------------+-------+-------++-------
Melee: Short sword       |    82 |       ||    82
       Spear             |    64 |       ||    64
 Fire: Shortbow          |    25 |     3 ||    28
 Stab: Sleeping          |     1 |       ||     1
Armor: Leather armour    |    51 |       ||    51
Dodge: Dodged            |   123 |     1 ||   124

Table legend:
 A = Spawn XP
 B = Non-spawn XP
 C = Spawn XP percentage of total XP
 D = Spawn monster count
 E = Non-spawn monster count
 F = Spawn count percentage of total count
 G = Total turns spent on level
                    A         B        C        D         E        F      G
               +---------+---------+-------+---------+---------+-------+---------
         Total |       0 |      98 |   0.0 |       0 |      44 |   0.0 |  1500
               +---------+---------+-------+---------+---------+-------+---------
           D:1 |       0 |      40 |   0.0 |       0 |      25 |   0.0 |   917
           D:2 |       0 |      58 |   0.0 |       0 |      19 |   0.0 |   583
               +---------+---------+-------+---------+---------+-------+---------
